 Dungeon Crawl Stone Soup version 0.21.1-1-g345015f (webtiles) character file.

273 letownia2 the Poker (level 6, -1/44 HPs)
             Began as a Merfolk Skald on Mar 11, 2018.
             Slain by Pikel
             ... wielding a +1 whip of electrocution
              (6 damage)
             ... on level 4 of the Dungeon on Mar 12, 2018.
             The game lasted 00:07:44 (1257 turns).

letownia2 the Poker (Merfolk Skald)                 Turns: 1257, Time: 00:07:44

Health: -1/44      AC:  6    Str: 11    XL:     6   Next: 23%
Magic:  1/9        EV: 12    Int: 14    God:
Gold:   164        SH:  0    Dex: 14    Spells: 3/9 levels left

rFire    . . .     SeeInvis .   a - +0 spear
rCold    . . .     Gourm    .   (no shield)
rNeg     . . .     Faith    .   b - +0 leather armour
rPois    .         Spirit   .   p - +0 helmet
rElec    .         Reflect  .   (no cloak)
rCorr    .         Harm     .   (no gloves)
MR       .....                  w - +1 pair of boots
Stlth    +.........             (no amulet)
HPRegen  0.14/turn              (no ring)
MPRegen  0.11/turn              (no ring)

@: flying, very slightly contaminated
A: change form in water, swift swim, stealthy swim
a: no special abilities


You were on level 4 of the Dungeon.
You were not hungry.

You visited 1 branch of the dungeon, and saw 5 of its levels.

You collected 164 gold pieces.

Inventory:

Hand Weapons
 a - a +0 spear (weapon)
 e - a +2 hunting sling of flaming
Armour
 b - a +0 leather armour (worn)
 n - a +0 ring mail
 p - a +0 helmet (worn)
 v - a +0 buckler
 w - a +1 pair of boots (worn)
Scrolls
 f - a scroll of random uselessness {unknown}
 g - 2 scrolls of teleportation {unknown}
 k - a scroll of blinking {unknown}
 m - a scroll of fear {unknown}
 o - 3 scrolls of identify {unknown}
 s - a scroll of fog {unknown}
Potions
 i - 2 potions of flight
 j - 2 potions of curing
 l - a potion of lignification {unknown}
 q - a potion of ambrosia {unknown}
 u - a potion of magic {unknown}
Books
 c - a book of Battle

   Spells                             Type                      Level
   a - Infusion                       Charms                       1
   b - Shroud of Golubria             Charms/Translocation         2
   c - Song of Slaying                Charms                       2
   d - Spectral Weapon                Hexes/Charms                 3
   e - Regeneration                   Charms/Necromancy            3
Comestibles
 d - 6 rations


   Skills:
 - Level 2.1 Fighting
 + Level 7.1 Polearms
 - Level 0.6 Armour
 - Level 2.6 Dodging
 - Level 2.0 Spellcasting
 + Level 1.6 Hexes
 + Level 4.4 Charms
 - Level 1.5 Translocations


You had 3 spell levels left.
You knew the following spells:

 Your Spells              Type           Power        Failure   Level  Hunger
a - Infusion              Chrm           ##..         4%          1    ##.....
t - Shroud of Golubria    Chrm/Tloc      #.........   14%         2    ###....
x - Spectral Weapon       Hex/Chrm       #.......     26%         3    ####...


Dungeon Overview and Level Annotations

Branches:
Dungeon (5/15)
 Temple: D:4-7

Altars:

Annotations:
D:3 OnekoMk1's ghost, amateur DEAE
D:4 Blork the orc; Pikel


Message History

* * * LOW HITPOINT WARNING * * *
Pikel closely misses you.
Unknown command.
Unknown command.
Attack whom?
Press: ? - help, Dir - move target cursor, f/p - Pikel
Aim: Pikel, wielding a whip of electrocution and wearing a robe (lightly wounded)
You closely miss Pikel.
Pikel is lightly wounded.
Your spectral weapon misses Pikel.
Blork the orc closely misses you.
Unknown command.
Unknown command.
Attack whom?
Press: ? - help, Dir - move target cursor, f/p - Pikel
Aim: Pikel, wielding a whip of electrocution and wearing a robe (lightly wounded)
You hit Pikel.
Pikel is moderately wounded.
Your spectral weapon hits Pikel!
Pikel hits you with a whip of electrocution.
You die...

## .. #### #.. .
... .(# ##. ...
## #.. ###.# #.#
#...# ##.####o#
#..##.K(# #
##....@### #
##...#### .#
#####...########
....
................
....
...###..########
...# ## #.##
##.# #.# ..
###.# # .##
#...#


You could see Pikel, Blork the orc and a friendly spectral spear.

Vanquished Creatures
  Menkaure (D:4)
  A bullfrog skeleton (D:5)
  A hound (D:5)
  An iguana (D:4)
  4 adders
  A worm (D:3)
  A leopard gecko (D:4)
  3 giant cockroaches
  A goblin (D:2)
  A ball python (D:5)
  6 bats
  5 frilled lizards
  5 kobolds
  2 rats
33 creatures vanquished.

Notes
Turn   | Place    | Note
-------+----------+-------------------------------------------
     0 | D:1      | letownia2 the Merfolk Skald began the quest for the Orb.
     0 | D:1      | Reached XP level 1. HP: 16/16 MP: 3/3
    32 | D:2      | Reached skill level 4 in Polearms
    32 | D:2      | Reached XP level 2. HP: 15/22 MP: 0/5
   242 | D:1      | Learned a level 2 spell: Shroud of Golubria
   321 | D:1      | Reached XP level 3. HP: 15/27 MP: 6/6
   394 | D:2      | Reached skill level 5 in Polearms
   544 | D:3      | Noticed a sky beast
   555 | D:3      | Noticed OnekoMk1's ghost (amateur DEAE)
   756 | D:5      | Entered Level 5 of the Dungeon
   768 | D:5      | Reached skill level 1 in Translocations
   782 | D:5      | Reached XP level 4. HP: 26/33 MP: 2/7
   797 | D:5      | Reached skill level 6 in Polearms
   797 | D:5      | Reached XP level 5. HP: 28/38 MP: 1/8
  1027 | D:4      | Noticed a slave
  1028 | D:4      | Noticed a slave
  1028 | D:4      | Noticed a slave
  1040 | D:3      | Learned a level 3 spell: Spectral Weapon
  1132 | D:4      | Noticed a slave
  1227 | D:4      | Noticed Menkaure
  1233 | D:4      | Killed Menkaure
  1233 | D:4      | Reached skill level 7 in Polearms
  1233 | D:4      | Reached skill level 1 in Hexes
  1233 | D:4      | Reached XP level 6. HP: 17/44 MP: 5/9
  1243 | D:4      | Noticed Blork the orc
  1245 | D:4      | Noticed Pikel
  1257 | D:4      | Slain by Pikel

Skill      XL: |  1  2  3  4  5 |
---------------+----------------+-----
Polearms       | 4 5 6 7 |  7.1
Translocations | 1 |  1.5
Hexes          | 1 |  1.6
Charms         | 4 |  4.4
Fighting       | |  2.1
Armour         | |  0.6
Dodging        | |  2.6
Spellcasting   | |  2.0

Action                   |  1- 3 |  4- 6 || total
-------------------------+-------+-------++-------
Melee: Spear             |   117 |    66 ||   183
       Tailslap          |     1 |       ||     1
 Cast: Infusion          |     6 |     1 ||     7
       Shroud of Golubri |     8 |     7 ||    15
       Spectral Weapon   |       |     2 ||     2
  Use: Potion            |       |     3 ||     3
 Stab: Sleeping          |     1 |       ||     1
       Distracted        |       |     1 ||     1
  Eat: Chunk             |       |     1 ||     1
       Ration            |       |     1 ||     1
Armor: Leather armour    |    24 |    13 ||    37
Dodge: Dodged            |    76 |    27 ||   103
